 Dungeon Crawl Stone Soup version 0.24.1-11-gbbbb2193e6 (webtiles) character file.

Game seed: 13941903888323211762, levelgen mode: deterministic

23634 Avesha the Basher (level 12, -7/112 HPs)
             Began as a Minotaur Berserker on May 5, 2020.
             Was a High Priest of Trog.
             Mangled by a spriggan rider
             ... wielding the +5 trident of Febehesm {antimagic, *Slow rPois Dex+2}
              (21 damage)
             ... on level 1 of the Lair of Beasts on May 10, 2020.
             The game lasted 02:51:35 (15706 turns).

Avesha the Basher (Minotaur Berserker)             Turns: 15706, Time: 02:51:35

Health: -7/112     AC: 24    Str: 26    XL:     12   Next: 73%
Magic:  0/11       EV: 11    Int:  4    God:    Trog [*****.]
Gold:   1453       SH:  0    Dex: 15    Spells: 11/11 levels left

rFire    + . .     SeeInvis .   E - +2 mace (protect)
rCold    + . .     Gourm    .   (no shield)
rNeg     . . .     Faith    .   b - +0 plate armour
rPois    .         Spirit   .   z - +1 hat
rElec    .         Reflect  .   N - scarf {rC+ rF+}
rCorr    .         Harm     .   J - +0 pair of gloves
MR       +....                  (no boots)
Stlth    ..........             A - amulet of regeneration
HPRegen  0.68/turn              C - +4 ring of dexterity
MPRegen  0.12/turn              Y - ring of protection from magic

@: about to teleport, protection aura, drained
A: retaliatory headbutt, horns 2
a: Berserk, Trog's Hand, Brothers in Arms, Renounce Religion


You were on level 1 of the Lair of Beasts.
You worshipped Trog.
Trog was extremely pleased with you.
You were not hungry.

You visited 2 branches of the dungeon, and saw 14 of its levels.

You collected 1531 gold pieces.
You spent 78 gold pieces at shops.

Inventory:

Hand Weapons
 w - a +0 flail of crushing
 E - a +2 mace of protection (weapon)
 G - a +1 whip of electrocution
 Q - a +4 longbow of velocity
 S - a +5 trident
 V - a +4 antimagic quarterstaff
Missiles
 j - 215 arrows
 s - 54 poisoned darts (quivered)
Armour
 b - a +0 plate armour (worn)
 r - a +0 buckler
 z - a +1 hat (worn)
 J - a +0 pair of gloves (worn)
 N - a scarf of resistance (worn)
Jewellery
 k - an uncursed amulet of the acrobat
 q - an uncursed ring of see invisible
 A - an amulet of regeneration (around neck)
 C - a +4 ring of dexterity (left hand)
 X - an uncursed amulet of rage
 Y - a ring of protection from magic (right hand)
 Z - a +4 amulet of reflection
Wands
 a - a wand of paralysis (11)
 v - a wand of iceblast (16)
 x - a wand of flame (46)
 y - a wand of random effects (18)
 K - a wand of polymorph (11)
 M - a wand of disintegration (15)
 R - a wand of enslavement (12)
 U - a wand of scattershot (5)
Scrolls
 g - a scroll of silence {unknown}
 i - 3 scrolls of enchant armour
 l - a scroll of immolation {unknown}
 n - 3 scrolls of teleportation
 o - 6 scrolls of remove curse
 t - a scroll of blinking {unknown}
 B - a scroll of fog {unknown}
 D - a scroll of fear {unknown}
 I - a scroll of magic mapping {unknown}
 O - 2 scrolls of enchant weapon {unknown}
 P - a scroll of brand weapon {unknown}
Potions
 d - 2 potions of agility
 e - a potion of ambrosia
 f - 2 potions of lignification
 m - a potion of cancellation
 p - 2 potions of brilliance
 u - 2 potions of berserk rage
 F - 3 potions of flight
 H - 2 potions of might
 L - a potion of haste {unknown}
 T - 4 potions of curing
 W - a potion of mutation {unknown}
Comestibles
 c - 33 rations


   Skills:
 - Level 12.0(10.9) Fighting
 - Level 12.0(11.0) Maces & Flails
 - Level 8.0(7.1) Bows
 - Level 12.0(11.0) Armour
 * Level 7.9(7.0) Dodging
 + Level 10.6(9.6) Shields


You had 11 spell levels left.
You didn't know any spells.
Your spell library contained the following spells:

 Spells                   Type           Power        Failure   Level  Hunger
 Animate Skeleton         Necr           N/A          99%         1    ##.....
 Apportation              Tloc           #.....       99%         1    ##.....
 Confusing Touch          Hex            #.....       99%         1    ##.....
 Summon Small Mammal      Summ           #...         99%         1    ##.....


Dungeon Overview and Level Annotations

Branches:
Dungeon (13/15)            Temple (0/1) D:6            Lair (1/6) D:11
    Orc (0/2) D:11
 Vaults: D:13-14

Altars:
Dithmenos
Elyvilon
Gozag
Hepliaklqana
Kikubaaqudgha
Makhleb
Nemelex Xobeh
Ru
Sif Muna
Trog
Xom

Shops:
D:8 %   D:9 %([=?

Portals:
Trove: D:10 (give +5 demon trident)

Annotations:
Lair:1 1 transporter, FTLSpaceWarp's ghost, journeyman MiBe


Innate Abilities, Weirdness & Mutations

You reflexively headbutt those who attack you in melee.
You have a pair of horns on your head.


Message History

You feel sick.
You hear a shout!
The spriggan rider hits you with the +5 trident of Febehesm {antimagic, *Slow rPois Dex+2}!!
You feel your power leaking away.
You sock the spriggan rider!
The spriggan rider is moderately wounded.
You feel sick.
You hear a shout!
The spriggan rider hits you with the +5 trident of Febehesm {antimagic, *Slow rPois Dex+2}!
You hear a shout!
FTLSpaceWarp's ghost yells, "Who would have thought, even in death it is a pleasure to sever!"
You feel sick.
You hear a shout!
The spriggan rider hits you with the +5 trident of Febehesm {antimagic, *Slow rPois Dex+2}!!!
* * * LOW HITPOINT WARNING * * *
You feel better. The spriggan rider barely misses you.
As you read the scroll of teleportation, it crumbles to dust.
You feel strangely unstable.
The spriggan rider hits you with the +5 trident of Febehesm {antimagic, *Slow rPois Dex+2}!!
You die...

#..#.#...###...###..#.# #...#
........######.W.##...# ##..#
#.#.....#..# #.i..#...## #..#
####.#.##..#≈#....##...######..##
#...#...#:?..ii.#.............
##..©#©...._.##iW#©...#.P###.P#
#P...#..##$.. ##y#..#..........
##.#.#### #W###i##...#.#####.##
#....# #..#@##...#### #.##
#.#..## ##....##.#.# #...
#.....###...###....# ####
####.#.....#####......#
........##.......#..#P#
###P##.#####.####...### ####.#
#..## ##..# #########..####..#
###### ###
#≈≈≈≈#.##........###.##P###.##


You could see a spriggan rider (berserk), a moth of wrath and FTLSpaceWarp's
ghost.

Vanquished Creatures
  Harold (D:7)
  4 two-headed ogres
  Urug (D:12)
  Pikel (D:4)
  A deep elf mage (D:12)
  A cyclops (D:12)
  Maurice (D:9)
  A black mamba (Lair:1)
  A spiny frog (Lair:1)
  A gargoyle (D:11)
  A komodo dragon (D:11)
  A freezing wraith (D:13)
  A kobold demonologist (D:11)
  3 trolls
  2 hornets
  Prince Ribbit (D:7)
  7 hippogriffs
  3 shadows
  A spriggan (D:8)
  14 yaks
  2 wyverns (D:11)
  2 basilisks (Lair:1)
  A wraith (D:11)
  A hungry ghost (D:10)
  A steam dragon (D:8)
  3 wargs (D:11)
  Duvessa (D:7)
  7 water moccasins
  6 porcupines
  2 black bears
  An orc warrior (D:11)
  A sky beast (D:11)
  A slave (D:4)
  4 ice beasts
  A phantom (D:11)
  An eye of draining (D:8)
  7 ogres
  A necrophage (D:11)
  8 centaurs
  6 big kobolds
  A crocodile (Lair:1)
  9 bullfrogs
  2 wyvern skeletons
  Dowan (D:7)
  6 scorpions
  9 killer bees
  10 wights
  9 howler monkeys
  5 crimson imps
  5 centaur zombies
  A quasit (D:6)
  3 bullfrog zombies
  9 orc priests
  3 bullfrog skeletons
  9 hounds
  7 jellies
  15 orc wizards
  2 centaur skeletons
  6 iguanas
  5 worker ants
  9 hell rats (Lair:1)
  A killer bee zombie (D:6)
  3 hound zombies
  A hound skeleton (D:8)
  19 adders
  7 gnolls (D:9)
  12 river rats (Lair:1)
  A shadow imp (D:11)
  2 oozes
  6 worms
  A dart slug (D:5)
  5 leopard geckos
  46 orcs
  13 giant cockroaches
  11 goblins
  12 hobgoblins
  14 jackals
  36 kobolds
  11 quokkas
  2 ball pythons (D:2)
  7 bats
  7 frilled lizards
  A jackal skeleton (D:6)
  2 quokka skeletons
  21 rats
  3 plants (D:9)
474 creatures vanquished.

Vanquished Creatures (collateral kills)
  Frances (D:13)
1 creature vanquished.

Vanquished Creatures (others)
  A worker ant (D:4)
1 creature vanquished.

Grand Total: 476 creatures vanquished

Notes
Turn   | Place    | Note
-------+----------+-------------------------------------------
     0 | D:1      | Avesha the Minotaur Berserker began the quest for the Orb.
     0 | D:1      | Reached XP level 1. HP: 19/19 MP: 0/0
   326 | D:1      | Reached XP level 2. HP: 25/26 MP: 1/1
   659 | D:1      | Reached skill level 5 in Maces & Flails
   833 | D:2      | Reached XP level 3. HP: 28/31 MP: 2/2
   859 | D:2      | Reached XP level 4. HP: 15/39 MP: 3/3
   863 | D:2      | Reached ** piety under Trog
  1062 | D:2      | Found a shimmering altar of Xom.
  1117 | D:2      | Found a faded altar of an unknown god.
  2069 | D:3      | Found a sacrificial altar of Ru.
  2110 | D:3      | Reached XP level 5. HP: 43/45 MP: 4/4
  2463 | D:3      | Reached *** piety under Trog
  2859 | D:4      | Reached XP level 6. HP: 50/51 MP: 5/5
  3033 | D:4      | Reached XP level 7. HP: 35/57 MP: 6/6
  3210 | D:4      | Reached skill level 10 in Maces & Flails
  3224 | D:4      | Noticed Pikel
  3241 | D:4      | Killed Pikel
  3241 | D:4      | Reached skill level 1 in Shields
  3241 | D:4      | Reached XP level 8. HP: 16/64 MP: 7/7
  3917 | D:5      | Entered Level 5 of the Dungeon
  4071 | D:5      | Found a sparkling altar of Nemelex Xobeh.
  4072 | D:5      | Found an opulent altar of Gozag.
  4257 | D:5      | Reached **** piety under Trog
  4316 | D:5      | Found a burning altar of Makhleb.
  4497 | D:6      | Reached skill level 5 in Fighting
  4586 | D:6      | Found a staircase to the Ecumenical Temple.
  4881 | D:6      | Reached XP level 9. HP: 74/74 MP: 8/8
  4888 | D:6      | Reached skill level 5 in Armour
  5182 | D:7      | Noticed Harold
  5202 | D:7      | Killed Harold
  5484 | D:7      | Found a shadowy altar of Dithmenos.
  5485 | D:7      | Found a shimmering blue altar of Sif Muna.
  5485 | D:7      | Found a white marble altar of Elyvilon.
  5572 | D:7      | Reached ***** piety under Trog
  5606 | D:7      | Noticed Dowan
  5628 | D:7      | Killed Dowan
  5630 | D:7      | Noticed Prince Ribbit
  5642 | D:7      | Killed Prince Ribbit
  5654 | D:7      | Noticed Duvessa
  5672 | D:7      | Killed Duvessa
  5924 | D:7      | Found a bloodstained altar of Trog.
  6255 | D:8      | Found a flagged portal.
  6313 | D:8      | Reached XP level 10. HP: 79/88 MP: 9/9
  6412 | D:8      | Received a gift from Trog
  6711 | D:8      | Found Moxeij Etoe's Food Emporium.
  7732 | D:9      | Reached skill level 10 in Fighting
  7734 | D:9      | Noticed a two-headed ogre
  7740 | D:9      | Killed a two-headed ogre
  7778 | D:9      | Found Anle Bib's Magic Scroll Emporium.
  7901 | D:9      | Found a hazy altar of Hepliaklqana.
  7938 | D:9      | Bought a scroll of noise for 13 gold pieces
  7938 | D:9      | Bought a scroll of remove curse for 39 gold pieces
  7938 | D:9      | Bought a scroll of identify for 26 gold pieces
  8025 | D:9      | Found Mavuun's Jewellery Boutique.
  8025 | D:9      | Found an ancient bone altar of Kikubaaqudgha.
  8077 | D:9      | Noticed Maurice
  8299 | D:9      | Found Aruem's Antique Armour Shop.
  8302 | D:9      | Found Jitheyx's Food Shoppe.
  8338 | D:9      | Found Upowot's Antique Weapon Emporium.
  8432 | D:9      | Killed Maurice
  8432 | D:9      | Reached skill level 5 in Bows
  8918 | D:10     | Entered Level 10 of the Dungeon
  9291 | D:10     | Received a gift from Trog
  9429 | D:10     | Reached XP level 11. HP: 93/102 MP: 10/10
  9517 | D:10     | Found a portal to a secret trove of treasure.
 10421 | D:11     | Found a staircase to the Lair.
 10538 | D:11     | Found a staircase to the Orcish Mines.
 11230 | D:11     | Received a gift from Trog
 11821 | D:12     | Reached skill level 10 in Armour
 11912 | D:12     | Noticed a two-headed ogre
 11925 | D:12     | Killed a two-headed ogre
 12199 | D:12     | Noticed a two-headed ogre
 12207 | D:12     | Killed a two-headed ogre
 12413 | D:12     | Upgraded the game from 0.24.1-8-ga250c9d538 to
                  | 0.24.1-11-gbbbb2193e6
 12474 | D:12     | Noticed Urug
 12487 | D:12     | Reached XP level 12. HP: 74/111 MP: 11/11
 12513 | D:12     | Killed Urug
 13335 | D:13     | Noticed Frances
 13344 | D:13     | Noticed a two-headed ogre
 13357 | D:13     | Killed Frances
 13362 | D:13     | Killed a two-headed ogre
 13362 | D:13     | Reached skill level 10 in Shields
 14162 | Lair:1   | Entered Level 1 of the Lair of Beasts
 14232 | Lair:1   | Reached skill level 5 in Dodging
 14930 | Lair:1   | Identified the +5 trident of Febehesm {antimagic, *Slow
                  | rPois Dex+2}
 14932 | Lair:1   | Noticed FTLSpaceWarp's ghost (journeyman MiBe)
 14933 | Lair:1   | Identified the cursed +1 spear "Reixiu" {antimagic, +Fly
                  | rElec Int+4}
 14934 | Lair:1   | Found a bloodstained altar of Trog.
 14982 | Lair:1   | Found a transporter.
 15000 | Lair:1   | Found a transporter.
 15098 | Lair:1   | Received a gift from Trog
 15704 | Lair:1   | HP: 5/111 [spriggan rider/the +5 trident of Febehesm
                  | {antimagic, *Slow rPois Dex+2} (39)]
 15706 | Lair:1   | Mangled by a spriggan rider

Levels and vault maps discovered:
D:1:      evilmike_arrival_crescent, layout_basic
D:2:      minmay_roachtagon, layout_basic, xom_teletrap_fun,
          chequers_ecumenical_altar_grove, first_ration
D:3:      layout_basic, lemuel_crystal_altar
D:4:      layout_basic, uniq_pikel
D:5:      layout_rooms, grunt_temple_overflow_opulence, old_standard_altar,
          minmay_quadrilaterals
D:6:      layout_basic, minmay_temple_entry_large_hall,
          hangedman_abyss_or_decor_stabs, hangedman_decor_slide_cut, st_stairs_6
D:7:      layout_basic, lemuel_coloured_pillars_altar,
          grunt_temple_overflow_open, uniq_prince_ribbit1, uniq_harold,
          uniq_duvessa
D:8:      layout_cave_pools, serial_shops, shop_fountains, enter_bailey_3,
          the_bakery, kennysheep_generic_room_15
D:9:      kennysheep_housing_project, layout_loops_ring,
          nicolae_overflow_hidden_temple, lemuel_crystal_altar, serial_shops,
          nicolae_shop_stone, shop_scrolls, shop, nicolae_shop_waterfront, shop,
          kennysheep_small_spiral, uniq_maurice
D:10:     layout_basic, nicolae_trove_entry_free_sample
D:11:     minmay_polygon_palace, layout_basic, grunt_lair_entry_orc_guard_hut,
          minmay_orc_entry_guard_dogs
D:12:     layout_loops_corners, uniq_urug
D:13:     layout_rooms, ximxim_vaults_locker_room, hex_intersection,
          minmay_rotating_lava, uniq_frances, uniq_nessos
Lair:1:   lemuel_ratsnest, layout_loops_ring, gammafunk_ghost_wrathful_warriors,
          chequers_serial_rivers_room_b

Skill      XL: |  1  2  3  4  5  6  7  8  9 10 11 12 |
---------------+-------------------------------------+-----
Maces & Flails | 4 5 6 7 8 9 11 12 | 12.0
Shields        | 1 4 7 8 10 | 10.6
Fighting       | 5 8 11 12 | 12.0
Armour         | 4 7 8 11 12 | 12.0
Bows           | 5 8 |  8.0
Dodging        | 7 |  7.9

Action                   |  1- 3 |  4- 6 |  7- 9 | 10-12 || total
-------------------------+-------+-------+-------+-------++-------
Melee: Mace              |    76 |   124 |   350 |   716 ||  1266
       Headbutt          |    13 |    25 |    71 |   162 ||   271
       Flail             |       |    60 |     7 |    13 ||    80
 Fire: Longbow           |       |       |       |   244 ||   244
Throw: Dart              |       |       |     2 |    22 ||    24
Invok: Berserk           |       |       |     1 |     2 ||     3
       Brothers in Arms  |       |       |       |     1 ||     1
  Use: Scroll            |       |     3 |     6 |    14 ||    23
       Potion            |       |       |     1 |     1 ||     2
  Eat: Chunk             |       |     7 |    12 |    30 ||    49
       Ration            |       |       |       |     1 ||     1
Armor: Animal skin       |     8 |       |       |       ||     8
       Ring mail         |    15 |    40 |       |       ||    55
       Plate armour      |       |    29 |   188 |   444 ||   661
Dodge: Dodged            |    61 |    92 |   124 |   325 ||   602
Block: Buckler           |       |     4 |    51 |    13 ||    68
       Other             |       |       |       |    16 ||    16
       Reflection        |       |       |       |     1 ||     1
